[Event "Esbjerg Efterår 2021 - Esbjergmesterskabet"]
[Site "Esbjerg, Denmark"]
[Date "2021.10.23"]
[Round "5.8"]
[White "Bisercic, Zlatan"]
[Black "Pommerencke, Lars"]
[Result "0-1"]
[TimeControl "1.-3. 20 min + 5 sek, 4.-7. 90 min + 30 sek"]
[WhiteElo "1300"]
[BlackElo "1630"]

1. e4 d5 2. exd5 Qxd5 3. Nc3 Qa5 4. d4 c6 5. Nf3 Nf6 6. Bd3 Bg4 7. O-O e6 8. Ne4 Nbd7 9. Nxf6+ Nxf6 10.
c3 Qd8 11. h3 Bh5 12. g4 Bg6 13. Ne5 Bd6 14. Nxg6 hxg6 15. Kg2 Bc7 16. Bg5 Qd5+ 17. f3 Qxg5 18. Rh1 Nd5 19. Kf2 Bg3+ 0-1

[Event "Esbjerg Efterår 2021 - Esbjergmesterskabet"]
[Site "Esbjerg, Denmark"]
[Date "2021.10.23"]
[Round "5.9"]
[White "Christensen, Joel Nødskov"]
[Black "Bekmuhanov, Sauran"]
[Result "0-1"]
[TimeControl "1.-3. 20 min + 5 sek, 4.-7. 90 min + 30 sek"]
[WhiteElo "1404"]
[BlackElo "1623"]

1. d4 Nf6 2. c4 e6 3. Nc3 d5 4. e3 c5 5. Nf3 Nc6 6. cxd5 Nxd5 7. a3 cxd4 8. Nxd4 Nxc3 9. bxc3 e5 10.
Nxc6 Qxd1+ 11. Kxd1 bxc6 12. Bb2 Be6 13. c4 f6 14. Be2 Bc5 15. Bf3 O-O-O+ 16. Ke2 Bxc4+ 17. Ke1 Bd5 18. Rc1 Bxf3 19. Rxc5 Rd1# 0-1

[Event "Esbjerg Efterår 2021 - Esbjergmesterskabet"]
[Site "Esbjerg, Denmark"]
[Date "2021.10.23"]
[Round "5.10"]
[White "Jensen, Lucas"]
[Black "Vinther, Christoffer"]
[Result "0-1"]
[TimeControl "1.-3. 20 min + 5 sek, 4.-7. 90 min + 30 sek"]
[WhiteElo "1372"]
[BlackElo "1607"]

1. e4 c5 2. b3 d6 3. Bb2 Nc6 4. Bb5 Nf6 5. d3 Bd7 6. Ne2 e6 7. O-O Be7 8. Ng3 a6 9. Bxc6 Bxc6 10.
a4 d5 11. Nd2 O-O 12. f4 b5 13. axb5 axb5 14. e5 Nd7 15. d4 cxd4 16. Bxd4 Bc5 17. Bxc5 Nxc5 18. Ne2 d4 19. Rxa8 Bxa8 20.
Nf3 d3 21. Ned4 Qb6 22. cxd3 Bxf3 23. Rxf3 Rd8 24. Ne2 Nxd3+ 25. Kf1 Nxe5 26. Qxd8+ Qxd8 27. fxe5 g6 28. Kf2 Qd5 29. Re3 Qc5 30.
Kg3 0-1

[ePGN "0.1;DGT LiveChess/2.2"]

[Event "Esbjerg Efterår 2021 - Esbjergmesterskabet"]
[Site "Esbjerg, Denmark"]
[Date "2021.10.24"]
[Round "6.1"]
[White "Eriksson, Christian Altenburg"]
[Black "Pedersen, Nicolai Vesterbæk"]
[Result "1-0"]
[TimeControl "1.-3. 20 min + 5 sek, 4.-7. 90 min + 30 sek"]
[WhiteElo "2135"]
[BlackElo "2343"]

1. e4 e5 2. Nf3 Nf6 3. Nxe5 d6 4. Nf3 Nxe4 5. Nc3 Nxc3 6. dxc3 Be7 7. Be3 Nd7 8. Qd2 O-O 9. O-O-O c6 10. h4 d5 11. Bd3 Nc5 12.
Ng5 f5 13. Bxc5 Bxc5 14. Rde1 Qa5 15. Qe2 h6 16. Qh5 Bxf2 17. Qg6 hxg5 18. Re7 1-0

[Event "Esbjerg Efterår 2021 - Esbjergmesterskabet"]
[Site "Esbjerg, Denmark"]
[Date "2021.10.24"]
[Round "6.2"]
[White "Rødgaard, John"]
[Black "Bønnelykke, Ole"]
[Result "1-0"]
[TimeControl "1.-3. 20 min + 5 sek, 4.-7. 90 min + 30 sek"]
[WhiteElo "2319"]
[BlackElo "1991"]

1. Nf3 c5 2. c4 Nc6 3. d4 cxd4 4. Nxd4 e5 5. Nb5 a6 6. Nd6+ Bxd6 7. Qxd6 Qe7 8. Qd1 d6 9. Nc3 Be6 10.
e4 Nf6 11. f3 O-O 12. Be3 Rac8 13. Be2 Na5 14. b3 b5 15. Nd5 Bxd5 16. cxd5 Qb7 17. Qd3 Nd7 18. Rc1 Rxc1+ 19. Bxc1 Nc5 20.
Qb1 b4 21. Be3 Rc8 22. Kf2 f5 23. Rc1 f4 24. Bxc5 Rxc5 25. Rxc5 Qb6 26. Bxa6 Qxc5+ 27. Kf1 g5 28. Qd1 h5 29.
g3 Kg7 30. gxf4 exf4 31. Qd2 Kf6 32. h4 Nb7 33. Bxb7 Qb5+ 34. Kg2 Qxb7 35. Qd4+ Kg6 36. hxg5 Kxg5 37. e5 Qg7 38. Qxb4 Qxe5 39.
Qd2 Kh4 40. b4 Qf5 41. b5 Qh3+ 42. Kg1 Qxf3 43. Qf2+ Kg4 44. b6 Qd1+ 45. Kh2 Qd3 46. a4 h4 47. b7 Qb3 48. Qg2+ Kh5 49.
Qg7 Qc2+ 50. Kg1 Qb1+ 51. Kf2 Qb6+ 52. Ke2 Qe3+ 53. Kd1 Qd3+ 54. Kc1 Qc4+ 55. Kd2 Qb4+ 56. Kd3 Qb3+ 57. Ke4 Qxa4+ 58. Kf5 Qc2+ 59. Ke6 Qe4+ 60. Kd7 Qa4+ 61. Kd8 Qb5 62. Qc7 Qxd5 63. Qh7+ Kg4 64. Qg6+ Kh3 65. b8=Q Qa5+ 66. Qc7 Qxc7+ 67. Kxc7 f3 68. Qg1 d5 69. Kd6 d4 70. Ke5 1-0

[Event "Esbjerg Efterår 2021 - Esbjergmesterskabet"]
[Site "Esbjerg, Denmark"]
[Date "2021.10.24"]
[Round "6.3"]
[White "Jarlnæs, Erik"]
[Black "Medhus, Vitus Bondo"]
[Result "1/2-1/2"]
[TimeControl "1.-3. 20 min + 5 sek, 4.-7. 90 min + 30 sek"]
[WhiteElo "1952"]
[BlackElo "1875"]

1. e4 c5 2. f4 Nc6 3. Nf3 e6 4. Bb5 d5 5. Bxc6+ bxc6 6. e5 Ba6 7. d3 c4 8. d4 Nh6 9.
c3 Qb6 10. a4 Qa5 11. Na3 Bxa3 12. Rxa3 Rb8 13. Kf2 O-O 14. h3 Rb7 15. g4 Kh8 1/2-1/2

[Event "Esbjerg Efterår 2021 - Esbjergmesterskabet"]
[Site "Esbjerg, Denmark"]
[Date "2021.10.24"]
[Round "6.4"]
[White "Marcussen, Claus"]
[Black "Bekmuhanov, Sauran"]
[Result "1/2-1/2"]
[TimeControl "1.-3. 20 min + 5 sek, 4.-7. 90 min + 30 sek"]
[WhiteElo "1543"]
[BlackElo "1623"]

1. f4 d5 2. Nf3 c5 3. e3 Nc6 4. d4 cxd4 5. exd4 Nf6 6. c3 Bf5 7. Bd3 Ne4 8. Qe2 e6 9. Nbd2 Nxd2 10.
Bxd2 Bxd3 11. Qxd3 Bd6 12. O-O Qc7 13. Rae1 O-O-O 14. f5 exf5 15. Qxf5+ Kb8 16. Re2 f6 17. Rfe1 Qf7 18. g3 Kc7 19. Re6 Ne7 20. Qd3 Rhe8 21. c4 Be5 22. Rxe7+ Rxe7 23.
dxe5 dxc4 24. Qc3 fxe5 25. Nxe5 Qd5 26. Bf4 Kc8 27. Bg5 Qc5+ 28. Kf1 Rf8+ 29. Kg2 Rf2+ 30. Kh3 Re6 31. Be3 Qxe5 32.
Qxe5 Rxh2+ 33. Kxh2 Rxe5 34. Bd2 Rd5 35. Bc3 Rd7 36. Re4 b5 37. a4 a6 38. axb5 axb5 39. Re5 Rb7 40. Re8+ Kd7 41. Rh8 Ke6 42. Rxh7 b4 43. Bxg7 Kf5 44. Kh3 c3 45. bxc3 b3 46.
c4 Kg6 47. Rh4 Kxg7 48. Rg4+ Kf6 49. Rf4+ Ke5 50. Rf1 Kd4 51. c5 b2 52. Rb1 Kxc5 53. g4 Kd4 54. g5 Ke5 55. Kg4 Ke6 56.
Kf4 Kd5 57. g6 Kc4 58. g7 1/2-1/2

[Event "Esbjerg Efterår 2021 - Esbjergmesterskabet"]
[Site "Esbjerg, Denmark"]
[Date "2021.10.24"]
[Round "6.5"]
[White "Husum, Lars"]
[Black "Mortensen, Henrik"]
[Result "1-0"]
[TimeControl "1.-3. 20 min + 5 sek, 4.-7. 90 min + 30 sek"]
[WhiteElo "1876"]
[BlackElo "1991"]

1. d4 c5 2. d5 d6 3. c4 Nf6 4. Nc3 g6 5. e4 Bg7 6. Bd3 O-O 7. f4 e6 8. Nf3 exd5 9. cxd5 a6 10.
a4 Re8 11. O-O Nbd7 12. Kh1 Qc7 13. Re1 c4 14. Bc2 Ng4 15. Re2 Qc5 16. Qg1 Qb4 17. Na2 Qa5 18. Bd2 Qc7 19. Nc3 Nc5 20.
h3 Nf6 21. Rae1 Nfd7 22. Be3 Nd3 23. Bxd3 cxd3 24. Rd2 Bxc3 25. bxc3 Qxc3 26. Bd4 Qc4 27. Qf2 Nc5 28. Qh4 Nb3 29.
Bb2 Nxd2 30. Qf6 Re5 31. Nxe5 1-0

[Event "Esbjerg Efterår 2021 - Esbjergmesterskabet"]
[Site "Esbjerg, Denmark"]
[Date "2021.10.24"]
[Round "6.6"]
[White "Pommerencke, Lars"]
[Black "Jensen, Henrik Tranberg"]
[Result "0-1"]
[TimeControl "1.-3. 20 min + 5 sek, 4.-7. 90 min + 30 sek"]
[WhiteElo "1630"]
[BlackElo "1960"]

1. c4 Nf6 2. Nc3 g6 3. b3 Bg7 4. Bb2 O-O 5. Nf3 d6 6. d3 c5 7. e4 Nc6 8. Be2 Nh5 9. O-O Nf4 10.
Na4 e5 11. a3 Nd4 12. Nxd4 exd4 13. Bf3 Bd7 14. Bc1 Be5 15. Nb2 Rb8 16. b4 f5 17. Bxf4 Bxf4 18. exf5 Rxf5 19. g3 Bh6 20.
Bg4 Re5 21. Bxd7 Qxd7 22. Re1 Rbe8 23. Rxe5 Rxe5 24. Qf3 Qe7 25. Kf1 Bd2 26. Rb1 Kg7 27. b5 b6 28. Rd1 Be3 29. Qc6 Bxf2 30.
Qf3 Be3 31. Kg2 Rf5 32. Qe4 Qxe4+ 33. dxe4 Rf2+ 0-1

[Event "Esbjerg Efterår 2021 - Esbjergmesterskabet"]
[Site "Esbjerg, Denmark"]
[Date "2021.10.24"]
[Round "6.7"]
[White "Jensen, Lars"]
[Black "Dybdal, Frank"]
[Result "1-0"]
[TimeControl "1.-3. 20 min + 5 sek, 4.-7. 90 min + 30 sek"]
[WhiteElo "1546"]
[BlackElo "1687"]

1. e4 d5 2. exd5 Qxd5 3. c4 Qa5 4. Nc3 c6 5. d4 Nf6 6. Nf3 Bg4 7. Be2 e6 8. Ne5 Bxe2 9. Qxe2 Nbd7 10.
Nxd7 Kxd7 11. Bd2 Bb4 12. a3 Bxc3 13.
Bxc3 Qc7 14. O-O-O Rhe8 15. Qf3 Rad8 16. h3 Kc8 17. b4 Qe7 18. Kb2 Kb8 19. g4 Nd7 20. d5 cxd5 21. cxd5 e5 22.
Rhe1 f6 23. h4 Nb6 24. Bd4 Nc4+ 25. Kb3 Nd6 26. Qg3 Qf7 27. Bb2 Rc8 28. f4 Nc4 29. Ba1 e4 30. Rd4 b5 31. Bc3 Kb7 32.
a4 bxa4+ 33. Kxa4 Qd7+ 34. Kb3 e3 35. Qf3 a5 36. Ra1 Kb8 37. f5 Qb5 38. d6 axb4 1-0

[Event "Esbjerg Efterår 2021 - Esbjergmesterskabet"]
[Site "Esbjerg, Denmark"]
[Date "2021.10.24"]
[Round "6.8"]
[White "Pedersen, Lars Wilton"]
[Black "Vinther, Christoffer"]
[Result "1-0"]
[TimeControl "1.-3. 20 min + 5 sek, 4.-7. 90 min + 30 sek"]
[WhiteElo "1991"]
[BlackElo "1607"]

1. c4 e5 2. Nc3 Nc6 3. Nf3 Nf6 4. d4 exd4 5. Nxd4 Bc5 6. e3 O-O 7. Nb3 Bb4 8. Bd2 d6 9. Nd5 Bxd2+ 10. Qxd2 Ne4 11. Qc2 f5 12. f4 Be6 13. a3 Re8 14. Bd3 Bxd5 15. cxd5 Nb8 16. O-O-O c6 17. Nd4 cxd5 18. Nxf5 Na6 19.
Bxe4 Rxe4 20. Nxd6 Re6 21. Nb5 Rc8 22. Nc3 Rxe3 23. Qd2 Qe7 24. Kb1 d4 25. Qxd4 Nc7 26. f5 Re5 27. Rhf1 Ne8 28.
Nd5 Qd6 29. f6 gxf6 30. Nxf6+ Kh8 31. Nxe8 Qg6+ 32. Ka1 Qxe8 33. Rde1 Rcc5 34. Rf5 1-0

[Event "Esbjerg Efterår 2021 - Esbjergmesterskabet"]
[Site "Esbjerg, Denmark"]
[Date "2021.10.24"]
[Round "6.9"]
[White "Christensen, Joel Nødskov"]
[Black "Bisercic, Zlatan"]
[Result "1/2-1/2"]
[TimeControl "1.-3. 20 min + 5 sek, 4.-7. 90 min + 30 sek"]
[WhiteElo "1404"]
[BlackElo "1300"]

1. d4 c6 2. c4 a6 3. Nf3 d5 4. cxd5 cxd5 5. Nc3 e6 6. e3 Nc6 7. Be2 Nf6 8. O-O b5 9. a3 Bd6 10.
Qc2 Qc7 11. Bd2 Bd7 12. Rfc1 Rc8 13. e4 dxe4 14. Nxe4 Nxe4 15. Qxe4 Qd8 16. d5 Ne7 17. dxe6 Bxe6 18. Rxc8 Bxc8 19.
Bc3 f6 20. Rd1 O-O 21. Bd3 Bf5 22. Qb7 Bxd3 23. Rxd3 Bxh2+ 24. Kxh2 Qxd3 25. Qxe7 Rd8 26. Bb4 Qd7 27. Qe3 h6 28. Qb3+ Kh8 29. Qc2 Rc8 30. Qe4 Rc1 31. Qa8+ Kh7 32.
Qxa6 Qc7+ 33. Bd6 Qc4 34. Qb7 f5 35. Be5 Qg4 36. Qxb5 Qh5+ 37. Kg3 Qg4+ 38. Kh2 1/2-1/2

[Event "Esbjerg Efterår 2021 - Esbjergmesterskabet"]
[Site "Esbjerg, Denmark"]
[Date "2021.10.24"]
[Round "6.10"]
[White "Schou-Jørgensen, Jan"]
[Black "Jensen, Lucas"]
[Result "0-1"]
[TimeControl "1.-3. 20 min + 5 sek, 4.-7. 90 min + 30 sek"]
[WhiteElo "1722"]
[BlackElo "1372"]

1. Nf3 d5 2. d4 Nf6 3. c4 e6 4. Nc3 Bb4 5. Bg5 O-O 6. e3 c5 7. Bxf6 Qxf6 8. a3 Bxc3+ 9. bxc3 Nd7 10.
Bd3 dxc4 11. Bxc4 b6 12. Bb5 Rd8 13. Bxd7 Rxd7 14. Ne5 Rd6 15. O-O Bb7 16. f4 Qf5 17. Qe2 a5 18. Rfb1 cxd4 19.
cxd4 f6 20. Nc4 Rc6 21. Rxb6 Rac8 22. Rxc6 Rxc6 23. Nd2 Ba6 24. Qf2 Rc2 25. e4 Qb5 26. Qe3 Qb2 27. Rd1 Rc3 28. Qf2 Rxa3 29.
h3 Rd3 30. Kh2 Qxd4 31. Qe1 Re3 32. Nf3 Qxe4 33. Rd8+ Kf7 34. Qc1 Qxf4+ 35. Kg1 Rxf3 0-1

[ePGN "0.1;DGT LiveChess/2.2"]

[Event "Esbjerg Efterår 2021 - Esbjergmesterskabet"]
[Site "Esbjerg, Denmark"]
[Date "2021.10.24"]
[Round "7.1"]
[White "Pedersen, Nicolai Vesterbæk"]
[Black "Jarlnæs, Erik"]
[Result "1-0"]
[TimeControl "1.-3. 20 min + 5 sek, 4.-7. 90 min + 30 sek"]
[WhiteElo "2343"]
[BlackElo "1952"]

1. c4 e5 2. Nc3 Nf6 3. Nf3 d6 4. d4 exd4 5. Nxd4 Be7 6. e4 Bd7 7. g3 Nc6 8. Bg2 O-O 9. O-O Nxd4 10.
Qxd4 Bc6 11. b4 Ng4 12. Nd5 Bf6 13. Nxf6+ Qxf6 14. Bb2 Qxd4 15. Bxd4 Rfe8 16. a4 Ne5 17. b5 Bd7 18. f4 Nxc4 19.
Rfc1 Nd2 20. Rxc7 Bg4 21. Re1 Nf3+ 22. Bxf3 Bxf3 23. Rxb7 a6 24. b6 Rac8 25. Rc7 Kf8 26. Rxc8 Rxc8 27.
b7 Rb8 28. Kf2 Rxb7 29. Kxf3 Rb4 30. Rd1 Rxa4 31. Bb6 Ke7 32. Bc7 Ra2 33. Bxd6+ Ke8 34. h4 a5 35. Rd3 1-0

[Event "Esbjerg Efterår 2021 - Esbjergmesterskabet"]
[Site "Esbjerg, Denmark"]
[Date "2021.10.24"]
[Round "7.2"]
[White "Rødgaard, John"]
[Black "Husum, Lars"]
[Result "1-0"]
[TimeControl "1.-3. 20 min + 5 sek, 4.-7. 90 min + 30 sek"]
[WhiteElo "2319"]
[BlackElo "1876"]

1. Nf3 d5 2. d4 Bf5 3. c4 e6 4. Nc3 c6 5. Qb3 Na6 6. c5 b5 7. Bf4 f6 8. e3 Qa5 9. Be2 Ne7 10.
O-O Ng6 11. Bg3 Be7 12. Nxb5 cxb5 13. Qxb5+ Qxb5 14. Bxb5+ Kf7 15. Bxa6 e5 16. b4 Rab8 17. a3 Ke6 18. Rfc1 Bd8 19.
Nh4 Nxh4 20. Bxh4 Bc7 21. Bg3 g5 22. f3 h5 23. Rc3 h4 24. Bf2 g4 25. fxg4 Bxg4 26. Bf1 e4 27. b5 Rbg8 28.
Rc2 Bf3 29. Be1 Rg7 30. a4 Rhg8 31. Bxh4 Rg4 32. Bg3 Bxg3 33. hxg3 Rxg3 34. b6 R3g7 35. a5 axb6 36. axb6 Rb7 37.
Rb1 Rbb8 38. c6 Rbc8 39. c7 Kd6 40. Ba6 1-0

[Event "Esbjerg Efterår 2021 - Esbjergmesterskabet"]
[Site "Esbjerg, Denmark"]
[Date "2021.10.24"]
[Round "7.3"]
[White "Jensen, Henrik Tranberg"]
[Black "Eriksson, Christian Altenburg"]
[Result "0-1"]
[TimeControl "1.-3. 20 min + 5 sek, 4.-7. 90 min + 30 sek"]
[WhiteElo "1960"]
[BlackElo "2135"]

1. d4 Nf6 2. c4 c5 3. d5 b5 4. Nf3 g6 5. cxb5 a6 6. bxa6 Bxa6 7. Nc3 d6 8. g3 Bg7 9. Bg2 Nbd7 10. h3 Nb6 11. O-O Bc4 12. Nh2 O-O 13.
Re1 Ne8 14. e4 Nc7 15. Ng4 Nb5 16. Nxb5 Bxb5 17. Bh6 Bd7 18. Bxg7 Kxg7 19. Qd2 Bxg4 20. hxg4 Nd7 21. f4 Qa5 22. Qxa5 Ra7 23. Qa6 Rxa6 24. Bf1 Ra5 25.
a3 Rb8 26. Rab1 f6 27. Re3 Ra4 28. Kf2 Kf7 29. Kf3 g5 30. Rc3 h6 31. Be2 Rb7 32. Bd1 Rd4 33. Ke3 Nb6 34. Rbc1 Nd7 35.
b3 Ra7 36. b4 cxb4 37. Rb3 Rxd1 38. Rxd1 bxa3 39. Ra1 a2 40. Rb2 Ra3+ 41. Kf2 Nc5 42. Re2 gxf4 43. gxf4 Nd3+ 44. Kf1 Nxf4 45. Rf2 Ng6 46. Raxa2 Rb3 47. Ke2 Rg3 48. Rh2 Rxg4 49.
Rxh6 0-1

[Event "Esbjerg Efterår 2021 - Esbjergmesterskabet"]
[Site "Esbjerg, Denmark"]
[Date "2021.10.24"]
[Round "7.4"]
[White "Medhus, Vitus Bondo"]
[Black "Marcussen, Claus"]
[Result "1-0"]
[TimeControl "1.-3. 20 min + 5 sek, 4.-7. 90 min + 30 sek"]
[WhiteElo "1875"]
[BlackElo "1543"]

1. e4 d5 2. exd5 Qxd5 3. Nc3 Qd8 4. d4 g6 5. Nf3 Nh6 6. Bf4 Bg7 7. Qd2 Nf5 8. O-O-O Nd7 9. h4 Nf6 10.
Bd3 Nh5 11. Bxf5 Nxf4 12. Bxc8 1-0

[Event "Esbjerg Efterår 2021 - Esbjergmesterskabet"]
[Site "Esbjerg, Denmark"]
[Date "2021.10.24"]
[Round "7.5"]
[White "Bekmuhanov, Sauran"]
[Black "Pedersen, Lars Wilton"]
[Result "0-1"]
[TimeControl "1.-3. 20 min + 5 sek, 4.-7. 90 min + 30 sek"]
[WhiteElo "1623"]
[BlackElo "1991"]

1. e4 c5 2. Nf3 Nc6 3. d4 cxd4 4.
Nxd4 e6 5. Nc3 a6 6. Be3 Nf6 7. f3 d5 8. exd5 Nxd5 9. Nxd5 Qxd5 10. Nxc6 Qxc6 11. Qd2 Be7 12. O-O-O O-O 13. Bd3 f5 14.
Rhe1 e5 15. Bf2 Bf6 16. Qb4 Be6 17. a3 Rfc8 18. Qb6 Qxb6 19. Bxb6 Rc6 20. Ba5 Rac8 21. Bc3 Rxc3 22. bxc3 Rxc3 23.
Kd2 Rxa3 24. Rb1 b5 25. Ra1 b4 26. Bxa6 Bg5+ 27. Ke2 Rxa6 28. Rxa6 Bc4+ 29. Kf2 Bxa6 30. Rxe5 g6 31. Ra5 Bc4 32. Rc5 Bf7 33. Rb5 Be7 34. Ke3 Bc4 35. Rb7 Kf7 36. Kd4 Bf1 37.
g3 h6 38. f4 Bg2 39. Ra7 Be4 40. c4 g5 41. Ra6 Bf6+ 42. Kc5 b3 43. fxg5 hxg5 44. Rb6 b2 0-1

[Event "Esbjerg Efterår 2021 - Esbjergmesterskabet"]
[Site "Esbjerg, Denmark"]
[Date "2021.10.24"]
[Round "7.6"]
[White "Bønnelykke, Ole"]
[Black "Pommerencke, Lars"]
[Result "1-0"]
[TimeControl "1.-3. 20 min + 5 sek, 4.-7. 90 min + 30 sek"]
[WhiteElo "1991"]
[BlackElo "1630"]

1. e4 c6 2. d4 d5 3. e5 Bf5 4. Nc3 e6 5. g4 Bg6 6. Nge2 h6 7. Nf4 Ne7 8. h4 Bh7 9. Bd3 Bxd3 10.
Qxd3 Nd7 11. Be3 Qb6 12. O-O-O O-O-O 13. Kb1 Kb8 14. Nfe2 Nc8 15. f4 c5 16. Na4 Qc6 17. Nxc5 Nxc5 18.
dxc5 Bxc5 19. f5 Bxe3 20. Qxe3 Qb6 21. Nd4 Ne7 22. Rd3 Nc6 23. Rhd1 Nxd4 24. Rxd4 Rc8 25. R1d3 Qd8 26. c4 Qxh4 27.
cxd5 exd5 28. a3 Rhd8 29. Ka2 Qe7 30. Rxd5 Rxd5 31. Rxd5 Rd8 32. Qd4 Rxd5 33. Qxd5 Kc8 34. b4 Qd7 35.
Qc4+ Qc7 36. Qe2 Kd8 37. Kb2 a6 38. Kb3 Ke7 39. Qe3 Qc6 40. g5 hxg5 41. Qxg5+ Kf8 42. Qd8+ Qe8 43. Qd6+ Qe7 44.
Qb8+ Qe8 45. Qxb7 Qxe5 46. Qxa6 Qxf5 47. Qd6+ Ke8 48. a4 Qd7 49. Qe5+ Kf8 50. b5 f6 51. Qc5+ Kf7 52. b6 g5 53.
Qb5 Qb7 54. a5 g4 55. Qh5+ Kf8 56. Qh8+ 1-0

[Event "Esbjerg Efterår 2021 - Esbjergmesterskabet"]
[Site "Esbjerg, Denmark"]
[Date "2021.10.24"]
[Round "7.7"]
[White "Mortensen, Henrik"]
[Black "Jensen, Lars"]
[Result "0-1"]
[TimeControl "1.-3. 20 min + 5 sek, 4.-7. 90 min + 30 sek"]
[WhiteElo "1991"]
[BlackElo "1546"]

1. e4 d6 2. d4 Nf6 3. Nc3 g6 4. g3 Bg7 5. Bg2 O-O 6. Nge2 e5 7. h3 exd4 8. Nxd4 Bd7 9. O-O Nc6 10.
Nde2 Rb8 11. Bg5 h6 12. Be3 a6 13. Qd2 Kh7 14. f4 Re8 15. Rae1 b5 16. a3 a5 17. Nd4 b4 18. Nxc6 Bxc6 19.
axb4 axb4 20. Nd5 Nxe4 21. Bxe4 Rxe4 22. Ba7 Rxe1 23. Rxe1 Rb5 24. Nxb4 Bd7 25. h4 c5 26. Nd5 Be6 27.
c3 Qa5 28. Bb6 Rxb6 29. Nxb6 Qxb6 30. Rd1 Bf8 31. Kh2 d5 32. Qe2 d4 33. Rf1 h5 34. Ra1 dxc3 35. bxc3 Bg7 36. Rc1 Qb3 37.
Qd2 Bf6 38. Rc2 Bf5 39. Rc1 Kg7 40. Kg1 Qc4 41. Kf2 Be6 42. Rc2 Qe4 43. Qe2 Qf5 44. Ke1 Qh3 45. Qf2 Qh1+ 46. Kd2 Qd5+ 47.
Ke1 Bg4 48. Kf1 Qc4+ 49. Kg1 Bxc3 50. Kf1 {x} 0-1

[Event "Esbjerg Efterår 2021 - Esbjergmesterskabet"]
[Site "Esbjerg, Denmark"]
[Date "2021.10.24"]
[Round "7.8"]
[White "Dybdahl, Frank"]
[Black "Bisercic, Zlatan"]
[Result "1-0"]
[TimeControl "1.-3. 20 min + 5 sek, 4.-7. 90 min + 30 sek"]
[WhiteElo "1687"]
[BlackElo "1300"]

1. c4 e5 2. e4 Nf6 3. Nc3 Nc6 4. g3 Bb4 5. d3 d6 6. Bg2 Bg4 7. f3 Bh5 8. Nge2 Bc5 9. a3 a5 10.
Nb5 h6 11. Nec3 Na7 12. Nxa7 Bxa7 13. Bd2 c6 14. b4 axb4 15. axb4 Bd4 16. Ke2 O-O 17. Qc2 Qe7 18. Ra4 Nd7 19.
Rha1 Rxa4 20. Rxa4 Rc8 21. Qa2 Kh7 22. Ra5 Nb8 23. b5 cxb5 24. Nd5 Qd7 25. Rxb5 Na6 26. Be3 Rb8 27. Bxd4 exd4 28.
Nf6+ gxf6 29. Rxh5 Kg6 30. Bh3 Qc6 31. Bg4 b5 32. Qd2 Rh8 33. Rxb5 Nc5 34. Qf4 Ra8 35. Qd2 Qa6 36. f4 Qa1 37.
Rb2 Ra3 38. Bf5+ Kg7 39. e5 dxe5 40. Rc2 Qg1 41. Kf3 Qf1+ 42. Kg4 Nxd3 43. c5 e4 44. Bxe4 h5+ 45. Kh4 Ne1 46. Qf2 Nf3+ 47.
Bxf3 Rxf3 48. Qxd4 Qb5 49. Kxh5 Qf1 50. Kg4 Ra3 51. c6 Qa6 52. Qd7 Qf1 53. c7 Qf3+ 54. Kh4 Ra5 55. Qg4+ Qxg4+ 56. Kxg4 f5+ 57. Kh3 Ra6 58.
c8=Q {x} 1-0

[Event "Esbjerg Efterår 2021 - Esbjergmesterskabet"]
[Site "Esbjerg, Denmark"]
[Date "2021.10.24"]
[Round "7.10"]
[White "Jensen, Lucas"]
[Black "Christensen, Joel Nødskov"]
[Result "0-1"]
[TimeControl "1.-3. 20 min + 5 sek, 4.-7. 90 min + 30 sek"]
[WhiteElo "1372"]
[BlackElo "1404"]

1. e4 c5 2. Nc3 Nc6 3. Bc4 e6 4. d3 Nge7 5. Qe2 Nd4 6. Qd1 d5 7. exd5 exd5 8. Bb3 Nxb3 9. axb3 d4 10.
Ne4 Nc6 11. Nf3 Be7 12. O-O O-O 13. Re1 Qd5 14. c4 dxc3 15. bxc3 Bg4 16.
c4 Qf5 17. h3 Bxf3 18. Qxf3 Qxf3 19. gxf3 Nd4 20. Rf1 Nxf3+ 21. Kg2 Nd4 22. Rb1 b6 23. Rg1 Ne2 0-1